[Event "Titled Tuesday Blitz August 08 Early 2023"]
[White "Aarav Dengla"]
[Black "Wagner, Dennis"]
[WhiteFideId "45059756"]
[BlackFideId "24650684"]
[WhiteElo "2547"]
[BlackElo "2745"]
[Result "1-0"]
[Round "4"]
[TimeControl "180+1"]
[Date "2023.08.08"]
[WhiteClock "0:00:38"]
[BlackClock "0:00:01"]
[Board "72"]

1. e4 e5 2. Nf3 Nc6 3. Bc4 Bc5 4. c3 Nf6 5. d4 exd4 6. e5 d5 7. Bb5 Ne4 8. cxd4 Bb6 9. O-O O-O 10. h3 f6 11. Nc3 fxe5 12. Bxc6 bxc6 13. Nxe4 dxe4 14. Nxe5 Qd5 15. Be3 c5 16. dxc5 Qxe5 17. cxb6 axb6 18. a3 c5 19. b4 Ba6 20. Re1 Bd3 21. Qc1 Rac8 22. Qd2 c4 23. Bxb6 Qf6 24. Qe3 c3 25. Bc5 Rfd8 26. f3 exf3 27. Be7 f2+ 28. Qxf2 Qxf2+ 29. Kxf2 Rd7 30. Rac1 c2 31. Bc5 Kf7 32. Ke3 Bg6 33. Kf2 Rd2+ 34. Re2 Rxe2+ 35. Kxe2 Re8+ 36. Kd2 Rd8+ 37. Kc3 Rd1 38. Kb2 Ke6 39. a4 Be4 40. a5 Kd5 41. a6 Kc6 42. g4 g6 43. h4 h5 44. gxh5 gxh5 45. Be3 Bf5 46. b5+ Kxb5 47. a7 Rd8 48. Ra1 Ra8 49. Rg1 Be4 50. Rg5+ Kc4 51. Rxh5 Kd3 52. Bb6 Kd2 53. Rc5 Bd3 54. Rc7 Kd1 55. Be3 Re8 56. h5 Be4 57. h6 Rh8 58. h7 Bxh7 59. Rxh7 Ra8 60. Rd7+ Ke2 61. Bc5 Rc8 62. Rd5 Kf3 63. Kxc2 Ke4 64. Rh5 Ra8 65. Kc3 Rc8 66. Kc4 Re8 67. Rh7 Rc8 68. Rb7 Ra8 69. Rb8 1-0


[Site "https://www.chess.com"]

[Event "Titled Tuesday Blitz August 08 Early 2023"]
[White "Nazari, Arad"]
[Black "Keleberda, Tymur"]
[WhiteFideId "12577324"]
[BlackFideId "14174294"]
[WhiteElo "2742"]
[BlackElo "2544"]
[Result "1-0"]
[Round "4"]
[TimeControl "180+1"]
[Date "2023.08.08"]
[WhiteClock "0:00:21"]
[BlackClock "0:00:04"]
[Board "73"]

1. e4 c5 2. Nf3 d6 3. Bb5+ Nd7 4. d4 cxd4 5. Qxd4 a6 6. Bxd7+ Bxd7 7. O-O e5 8. Qd3 Rc8 9. c4 b5 10. Nfd2 Nf6 11. Nc3 Be7 12. b3 O-O 13. a4 bxc4 14. Nxc4 Be6 15. Nd5 Nxd5 16. exd5 Bd7 17. Be3 Rb8 18. Rfc1 Rb7 19. a5 Bb5 20. Bb6 Qd7 21. Qg3 h5 22. Na3 h4 23. Qf3 Bg5 24. Rc6 e4 25. Qxe4 Re8 26. Qf3 Bxc6 27. dxc6 Qe6 28. Rf1 Rbb8 29. Nc2 Bf6 30. Nb4 Ra8 31. h3 Rec8 32. Rd1 Be5 33. c7 f5 34. Nd5 g5 35. Qh5 g4 36. Qg5+ Kf7 37. Ne3 gxh3 38. Nxf5 h2+ 39. Kh1 Rg8 40. Nh6+ Kf8 41. Nxg8 Qxg8 42. Qf5+ Qf7 43. c8=Q+ Rxc8 44. Qxc8+ Kg7 45. Qg4+ Kf8 46. Bd4 Qxb3 47. Bxe5 dxe5 48. Kxh2 Ke7 49. Rd7+ Ke8 50. Rh7 e4 51. Qd7+ Kf8 52. Qe7+ Kg8 53. Qg7# 1-0


[Site "https://www.chess.com"]

[Event "Titled Tuesday Blitz August 08 Early 2023"]
[White "Prohaszka, Peter"]
[Black "Di Nicolantonio, Lucas"]
[WhiteFideId "726265"]
[BlackFideId "680460"]
[WhiteElo "2737"]
[BlackElo "2541"]
[Result "0-1"]
[Round "4"]
[TimeControl "180+1"]
[Date "2023.08.08"]
[WhiteClock "0:00:14"]
[BlackClock "0:00:20"]
[Board "74"]

1. d4 d5 2. Nf3 Nf6 3. c3 c6 4. Bf4 Bf5 5. Qb3 Qb6 6. e3 e6 7. Nbd2 Nbd7 8. c4 Qxb3 9. Nxb3 Bb4+ 10. Nfd2 Nh5 11. Bg5 h6 12. Bh4 g5 13. Bg3 Nxg3 14. hxg3 a5 15. a3 Bd6 16. c5 Bc7 17. Nc1 e5 18. Bd3 e4 19. Be2 Ke7 20. Na2 Nf6 21. Nc3 h5 22. Kd1 h4 23. gxh4 gxh4 24. Kc2 Rag8 25. Bf1 Ng4 26. Nd1 Nh2 27. Be2 Rxg2 28. b4 Bg4 29. Bxg4 Nxg4 30. Rb1 h3 31. bxa5 h2 32. Rxb7 Kd7 33. Nf1 Nxf2 34. Nxf2 Rxf2+ 35. Kc3 Rxf1 36. Rxf1 h1=Q 37. Rxh1 Rxh1 38. a6 Rh8 39. Kb4 Ra8 40. Kb3 Rxa6 41. Ka2 f5 42. Rb2 f4 43. exf4 Bxf4 44. Rb7+ Ke6 45. Kb3 e3 46. Kc2 Rxa3 47. Rb8 Ra2+ 48. Kb3 Rd2 49. Re8+ Kf5 50. Kc3 e2 51. Rf8+ Ke4 52. Rxf4+ Kxf4 53. Kxd2 Ke4 54. Kxe2 Kxd4 55. Kd2 Kxc5 56. Kc3 d4+ 57. Kd3 Kd5 58. Kd2 c5 59. Kc2 c4 60. Kd2 Ke4 61. Kc2 Ke3 62. Kd1 d3 63. Kc1 Ke2 64. Kb2 d2 65. Kc3 d1=Q 66. Kb2 Qb3+ 67. Ka1 Qb4 68. Ka2 Kd3 69. Ka1 Kc3 70. Ka2 Qb2# 0-1


[Site "https://www.chess.com"]

[Event "Titled Tuesday Blitz August 08 Early 2023"]
[White "Ismagilov, Damir"]
[Black "Materia, Marco"]
[WhiteFideId "34199982"]
[BlackFideId "45150451"]
[WhiteElo "2541"]
[BlackElo "2735"]
[Result "0-1"]
[Round "4"]
[TimeControl "180+1"]
[Date "2023.08.08"]
[WhiteClock "0:00:00"]
[BlackClock "0:00:27"]
[Board "75"]

1. d4 Nf6 2. c4 e6 3. Nf3 d5 4. Nc3 Be7 5. Bg5 O-O 6. e3 h6 7. Bh4 b6 8. Be2 Bb7 9. Bxf6 Bxf6 10. cxd5 exd5 11. Qb3 a6 12. O-O Qd6 13. Rad1 Nd7 14. Rfe1 Rfe8 15. Bf1 g6 16. g3 Re7 17. Bg2 Rae8 18. h4 c6 19. Qc2 h5 20. e4 dxe4 21. Nxe4 Qc7 22. d5 Rxe4 23. Rxe4 Rxe4 24. d6 Qc8 25. Qxe4 c5 26. Qe2 Qa8 27. Ne1 Bxg2 28. Nxg2 Ne5 29. d7 Qd8 30. Qe4 Nxd7 31. Qd5 Bd4 32. Nf4 Qe7 33. Nxg6 Qe2 34. Rf1 Nf6 35. Qd8+ Kg7 36. Nf4 Qf3 37. Qc8 Qxg3+ 38. Ng2 Ng4 39. Rd1 Qh2+ 40. Kf1 Qh1+ 41. Ke2 Qxg2 42. Qf5 Nxf2 43. Rf1 Ng4+ 44. Kd3 Ne5+ 0-1


[Site "https://www.chess.com"]

[Event "Titled Tuesday Blitz August 08 Early 2023"]
[White "Koellner, Ruben Gideon"]
[Black "Martins, Bruno Andre Leite"]
[WhiteFideId "12993093"]
[BlackFideId "1942255"]
[WhiteElo "2733"]
[BlackElo "2537"]
[Result "0-1"]
[Round "4"]
[TimeControl "180+1"]
[Date "2023.08.08"]
[WhiteClock "0:00:10"]
[BlackClock "0:00:11"]
[Board "76"]

1. Nf3 d5 2. d4 c5 3. e3 Nc6 4. c3 Bf5 5. dxc5 e6 6. b4 a5 7. Bb5 Qc7 8. Bb2 Be7 9. O-O Bf6 10. Nd4 Bg6 11. a3 Ne7 12. Nd2 e5 13. N4f3 h5 14. c4 Rd8 15. Qb3 d4 16. exd4 exd4 17. Rfe1 O-O 18. Ne4 Bxe4 19. Rxe4 Nf5 20. Rd1 Rfe8 21. Rxe8+ Rxe8 22. Qd3 g6 23. Qd2 axb4 24. axb4 Re4 25. Ba4 Ne5 26. Nxe5 Bxe5 27. g3 h4 28. Bc2 Rg4 29. Bxf5 gxf5 30. Qe2 hxg3 31. fxg3 Bxg3 32. Kh1 Be5 33. Rg1 Rxg1+ 34. Kxg1 d3 35. Qxe5 Qxe5 36. Bxe5 d2 37. Bg3 d1=Q+ 38. Kg2 Qc2+ 39. Kh3 Qxc4 40. b5 Qxb5 41. Bd6 Qc6 42. Kh4 Kg7 43. Kg5 Qe4 44. h3 Kg8 45. Kf6 Qe6+ 46. Kg5 f4 47. Kxf4 Qxh3 48. Ke5 Qd7 49. Kf6 Qc6 50. Kg5 Qd5+ 51. Be5 Qe6 52. Bd6 Kh7 53. Kf4 Kg6 54. Kf3 Kf5 55. Kg3 Qe4 56. Kf2 Kg4 57. Kf1 Qc2 58. c6 Kf3 59. cxb7 Qd2 60. b8=Q Qd1# 0-1


[Site "https://www.chess.com"]

[Event "Titled Tuesday Blitz August 08 Early 2023"]
[White "Fiorito, Joaquin"]
[Black "Baghdasaryan, Vahe"]
[WhiteFideId "180173"]
[BlackFideId "13303139"]
[WhiteElo "2732"]
[BlackElo "2535"]
[Result "1-0"]
[Round "4"]
[TimeControl "180+1"]
[Date "2023.08.08"]
[WhiteClock "0:00:15"]
[BlackClock "0:00:00"]
[Board "77"]

1. d4 d5 2. c4 e6 3. Nc3 Be7 4. cxd5 exd5 5. Nf3 Nf6 6. Bf4 O-O 7. e3 c6 8. Bd3 h6 9. O-O Be6 10. h3 Nbd7 11. Qc2 a5 12. Rab1 Nb6 13. Ne5 Bd6 14. Rbe1 Qe7 15. Bh2 Nbd7 16. f4 Nb6 17. g4 a4 18. a3 Bc7 19. Kh1 Ne8 20. Rg1 Qh4 21. g5 hxg5 22. Rxg5 Qxh3 23. Reg1 Bxe5 24. dxe5 Qxe3 25. Bh7+ Kh8 26. Rh5 Qf3+ 27. Qg2 Qxh5 28. Bc2 Qh6 29. f5 Bc8 30. Rf1 Nc4 31. Rf3 Kg8 32. Rh3 Qc1+ 33. Bg1 1-0


[Site "https://www.chess.com"]

[Event "Titled Tuesday Blitz August 08 Early 2023"]
[White "Janaszak, Dawid"]
[Black "Djordjevic, Vuk"]
[WhiteFideId "1119206"]
[BlackFideId "902098"]
[WhiteElo "2534"]
[BlackElo "2726"]
[Result "1-0"]
[Round "4"]
[TimeControl "180+1"]
[Date "2023.08.08"]
[WhiteClock "0:00:51"]
[BlackClock "0:00:00"]
[Board "78"]

1. e4 d5 2. exd5 Qxd5 3. Nc3 Qd6 4. Nf3 Nf6 5. Nb5 Qd8 6. d4 c6 7. Na3 Bg4 8. Be2 e6 9. Nc4 Nbd7 10. c3 Nb6 11. Nce5 Bd6 12. Bg5 Bxf3 13. Nxf3 Nbd5 14. Qb3 Qc7 15. g3 h6 16. Bd2 Ne4 17. Bc1 O-O 18. Bd3 Nef6 19. Bd2 c5 20. O-O a6 21. c4 Nb6 22. Ba5 Nfd7 23. Ne5 Bxe5 24. dxe5 Qc6 25. Rfe1 Qa4 26. Qxa4 Nxa4 27. b3 Nab6 28. Be4 Rab8 29. Rad1 Rfd8 30. Rd6 Kf8 31. Bxb6 Nxb6 32. Rxb6 Rd7 33. Re3 Ke7 34. Rd3 Rxd3 35. Bxd3 Kd7 36. Be4 Kc7 37. Rd6 Rf8 38. Kg2 Re8 39. f4 Re7 40. a4 Re8 41. a5 Re7 42. Kf2 Re8 43. Ke3 g5 44. Kd3 gxf4 45. gxf4 Rg8 46. f5 exf5 47. Bxf5 Rg5 48. Ke4 Rh5 49. h3 Rh4+ 50. Kd5 Rd4+ 51. Kxc5 Rf4 52. Rf6 Kb8 53. Rxf7 1-0


[Site "https://www.chess.com"]

[Event "Titled Tuesday Blitz August 08 Early 2023"]
[White "Timmermans, Mark"]
[Black "Salman, Pavel"]
[WhiteFideId "1026399"]
[BlackFideId "24153753"]
[WhiteElo "2725"]
[BlackElo "2533"]
[Result "0-1"]
[Round "4"]
[TimeControl "180+1"]
[Date "2023.08.08"]
[WhiteClock "0:01:44"]
[BlackClock "0:01:37"]
[Board "79"]

1. b4 Nf6 2. Bb2 g6 3. b5 Bg7 4. c4 O-O 5. a4 d6 6. e3 e5 7. Nc3 Nbd7 8. Nf3 Re8 9. Be2 e4 10. Nd4 Ne5 11. O-O c5 12. bxc6 bxc6 13. f4 exf3 14. Nxf3 h6 15. d4 Neg4 16. Re1 Nxe3 17. Qd3 Bf5 18. Qd2 Nc2 19. Rac1 Nxe1 20. Rxe1 Rb8 21. Ba3 Rb3 22. Qc1 Qa5 0-1


[Site "https://www.chess.com"]

[Event "Titled Tuesday Blitz August 08 Early 2023"]
[White "Sreyas Payyappat"]
[Black "Suyarov, Mukhammadzokhid"]
[WhiteFideId "46674969"]
[BlackFideId "14210495"]
[WhiteElo "2531"]
[BlackElo "2722"]
[Result "0-1"]
[Round "4"]
[TimeControl "180+1"]
[Date "2023.08.08"]
[WhiteClock "0:00:16"]
[BlackClock "0:00:51"]
[Board "80"]

1. e4 e6 2. d4 d5 3. Nc3 Nf6 4. Bg5 Be7 5. e5 Nfd7 6. Bxe7 Qxe7 7. f4 O-O 8. Qg4 c5 9. Nf3 Nc6 10. O-O-O a6 11. h4 b5 12. h5 b4 13. Ne2 f5 14. Qh3 a5 15. g4 fxg4 16. Qxg4 a4 17. Ng3 b3 18. cxb3 axb3 19. a3 Nxd4 20. Nxd4 cxd4 21. f5 Qc5+ 22. Kd2 Nxe5 23. Qf4 Qa5+ 24. Ke2 Ba6+ 25. Kf2 Qc7 26. Kg2 d3 27. Re1 Qc2+ 28. Kh3 d2 29. Bxa6 dxe1=Q 30. Rxe1 Rxa6 31. Qxe5 exf5 32. Qxd5+ Kh8 33. Re7 Qxb2 34. Nxf5 Qc3+ 35. Ng3 b2 36. Rb7 Rxa3 37. Qd6 Rg8 38. Rb8 Qxg3+ 39. Qxg3 Rxg3+ 40. Kxg3 0-1


[Site "https://www.chess.com"]

[Event "Titled Tuesday Blitz August 08 Early 2023"]
[White "Shyam, Sundar M."]
[Black "Pinero Rodriguez, Carlos Jose"]
[WhiteFideId "5019141"]
[BlackFideId "3901726"]
[WhiteElo "2720"]
[BlackElo "2530"]
[Result "1-0"]
[Round "4"]
[TimeControl "180+1"]
[Date "2023.08.08"]
[WhiteClock "0:00:56"]
[BlackClock "0:00:14"]
[Board "81"]

1. e4 c5 2. Nf3 e6 3. g3 Nc6 4. Bg2 Nf6 5. Qe2 d6 6. O-O Be7 7. c3 O-O 8. h3 Bd7 9. Rd1 Qc7 10. d3 b5 11. Nbd2 b4 12. Nc4 a5 13. Bf4 e5 14. Bg5 h6 15. Bxf6 Bxf6 16. Nfd2 Be6 17. Nf1 g6 18. Nfe3 Bg7 19. a3 Rfb8 20. Rdc1 Kh7 21. Kh2 bxc3 22. bxc3 Rb3 23. a4 Rab8 24. h4 h5 25. Bh3 Ne7 26. Bxe6 fxe6 27. Na3 Rb2 28. Rc2 Rxc2 29. Qxc2 d5 30. Nb5 Qc6 31. c4 d4 32. Ng2 Rf8 33. Qd2 Bh6 34. Qe2 Qd7 35. Kg1 Nc6 36. Ne1 Nb4 37. Nf3 Qg7 38. Kg2 Qf6 39. Rb1 Kg7 40. Rf1 Rf7 41. Nh2 Qe7 42. Nf3 Qf6 43. Nd6 Re7 44. Nh2 Qf8 45. f4 exf4 46. gxf4 Rd7 47. e5 Rxd6 48. exd6 Qxd6 49. Qe4 Qc6 50. Qxc6 Nxc6 51. Kf3 Kf7 52. Ke4 Bf8 53. Nf3 Ke7 54. Rb1 Nb4 55. Ne5 Kf6 56. Rg1 Bd6 57. Rxg6+ Ke7 58. Rh6 Bxe5 59. fxe5 Na2 60. Rh7+ Ke8 61. Ra7 Nc3+ 62. Kf4 Nxa4 63. Rxa5 Nb2 64. Ke4 Nd1 65. Rxc5 Nf2+ 66. Kxd4 1-0


[Site "https://www.chess.com"]

[Event "Titled Tuesday Blitz August 08 Early 2023"]
[White "Ansh M Shah"]
[Black "Volkov, Maksim"]
[WhiteFideId "25033379"]
[BlackFideId "54123070"]
[WhiteElo "2530"]
[BlackElo "2717"]
[Result "0-1"]
[Round "4"]
[TimeControl "180+1"]
[Date "2023.08.08"]
[WhiteClock "0:00:01"]
[BlackClock "0:01:06"]
[Board "82"]

1. d4 Nf6 2. c4 e6 3. Nc3 Bb4 4. Bd2 O-O 5. g3 d5 6. cxd5 exd5 7. Bg2 c6 8. Nf3 Bf5 9. O-O Nbd7 10. a3 Bd6 11. Bf4 Be7 12. b4 a6 13. Na4 Qc8 14. Nc5 Nb6 15. a4 Nc4 16. Ne5 Nd6 17. a5 Re8 18. Na4 Qd8 19. Nc5 Bf8 20. Re1 h6 21. Ra3 Nh5 22. Bc1 Nb5 23. e4 dxe4 24. Qxh5 g6 25. Qd1 Bxc5 26. bxc5 Nxa3 27. Bxa3 Qxa5 28. Nc4 Qc3 29. Re3 Qxc4 30. g4 Be6 31. Rh3 Kg7 32. Bf1 Qd5 33. Bc1 g5 34. Rh5 Rad8 35. Be3 Bc8 36. h4 f6 37. Qc1 Bxg4 38. Bc4 Qd7 39. Rxh6 Kxh6 40. hxg5+ Kg6 41. gxf6 Bf3 42. Bh6 Qg4+ 43. Kf1 Qg2+ 44. Ke1 Qg1+ 45. Bf1 e3 46. Bxe3 Bg2 47. Qc2+ Kxf6 48. Qe2 Qxf1+ 49. Qxf1 Bxf1 50. Kxf1 a5 0-1


[Site "https://www.chess.com"]

[Event "Titled Tuesday Blitz August 08 Early 2023"]
[White "Gontcharov, Vladislav"]
[Black "Jaferian, Koosha"]
[WhiteFideId "4123492"]
[BlackFideId "12507440"]
[WhiteElo "2526"]
[BlackElo "2717"]
[Result "1/2-1/2"]
[Round "4"]
[TimeControl "180+1"]
[Date "2023.08.08"]
[WhiteClock "0:00:00"]
[BlackClock "0:00:02"]
[Board "83"]

1. d4 Nf6 2. c4 e6 3. Nc3 Bb4 4. e3 O-O 5. Bd3 d5 6. Nf3 dxc4 7. Bxc4 c5 8. O-O cxd4 9. exd4 b6 10. Bg5 h6 11. Bh4 Bb7 12. Qe2 Nbd7 13. Rfd1 Qc7 14. Rac1 Bxf3 15. gxf3 Qf4 16. Bg3 Qg5 17. Ne4 Qh5 18. a3 Be7 19. Bb5 Nxe4 20. fxe4 Qxe2 21. Bxe2 Nf6 22. f3 Rac8 23. Ba6 Rxc1 24. Rxc1 Nh5 25. Be5 f6 26. Bc7 e5 27. d5 Bc5+ 28. Kf1 Nf4 29. b4 Be3 30. Rd1 Bd4 31. d6 Kh7 32. Bc4 b5 33. Bb3 Bb6 34. Bxb6 axb6 35. d7 Rd8 36. Kf2 g6 37. Rd6 Kg7 38. Ke3 Nh5 39. a4 bxa4 40. Bxa4 Kf8 41. Rxb6 Ke7 42. Ra6 Nf4 43. Ra7 Ne6 44. Bb3 Nd4 45. Bc4 Rxd7 46. Rxd7+ Kxd7 47. Kd3 Kc6 48. f4 Nf3 49. fxe5 Nxe5+ 50. Kd4 Nf3+ 51. Kc3 Nxh2 52. Bf7 g5 53. Kd4 Nf3+ 54. Ke3 Ne5 55. Be8+ Kb6 56. Kd4 Nc6+ 57. Kd5 Nxb4+ 58. Ke6 g4 59. Bh5 g3 60. Bf3 Nd3 61. Kxf6 Ne1 62. Bh1 Kc5 63. Kg6 Kd4 64. Kxh6 Ke3 65. e5 Kf2 66. e6 Kg1 67. Be4 Kf2 68. Bh1 Kg1 69. Bd5 Kf2 70. e7 g2 71. Bxg2 Nxg2 72. e8=Q Ne3 73. Kg5 Kf3 74. Qf7+ Ke4 75. Qb3 Nd5 76. Qc2+ Kd4 77. Qb2+ Ke4 78. Qa3 Ne3 79. Kf6 Nd5+ 80. Ke6 Nf4+ 81. Kd6 Nd3 82. Qa4+ Ke3 83. Qg4 Nf4 84. Ke5 Nd3+ 85. Kf5 Nf2 86. Qg3+ Ke2 87. Kf4 Nd3+ 88. Ke4 Nf2+ 89. Kd4 Nd1 90. Qg2+ Nf2 91. Qh2 Kf3 92. Qg1 Ng4 93. Qf1+ Kg3 94. Ke4 Nf2+ 95. Kf5 Kf3 96. Qe1 Nd3 1/2-1/2


[Site "https://www.chess.com"]

[Event "Titled Tuesday Blitz August 08 Early 2023"]
[White "Martin Barcelo, Carles"]
[Black "Yanchenko, Roman"]
[WhiteFideId "24561444"]
[BlackFideId "4137329"]
[WhiteElo "2525"]
[BlackElo "2717"]
[Result "0-1"]
[Round "4"]
[TimeControl "180+1"]
[Date "2023.08.08"]
[WhiteClock "0:00:01"]
[BlackClock "0:00:20"]
[Board "84"]

1. e4 e6 2. Nf3 d5 3. e5 c5 4. b4 Nc6 5. bxc5 d4 6. Bd3 Bxc5 7. O-O Nge7 8. Ba3 Qa5 9. Bxc5 Qxc5 10. Re1 b6 11. Be4 Bb7 12. d3 Rc8 13. Nbd2 Rc7 14. Nc4 Nc8 15. a4 h6 16. Nh4 N6e7 17. Bxb7 Rxb7 18. Qg4 O-O 19. Re4 Rd7 20. Nf3 Nf5 21. Qf4 Nce7 22. g4 Ng6 23. Qd2 Nfh4 24. Nxh4 Nxh4 25. Qf4 Rd5 26. Qg3 Ng6 27. f4 Ne7 28. Rf1 a6 29. f5 b5 30. axb5 axb5 31. Nd6 Nc6 32. fxe6 Rxe5 33. Nxf7 Rxe4 34. dxe4 d3+ 35. Qf2 Qxf2+ 36. Rxf2 dxc2 37. Rxc2 Nd4 38. Rb2 Nxe6 39. Nd6 Rd8 40. Nxb5 Rb8 41. Rb1 Nd4 42. Nc3 Rc8 43. Nd5 Rc2 44. Rd1 Nf3+ 45. Kf1 Nxh2+ 46. Kg1 Nf3+ 47. Kf1 Nh2+ 48. Kg1 Nxg4 49. Rf1 Ne5 50. Ne7+ Kh7 51. Rf7 Nxf7 0-1


[Site "https://www.chess.com"]

[Event "Titled Tuesday Blitz August 08 Early 2023"]
[White "Akobian, Varuzhan"]
[Black "Womacka, Mathias"]
[WhiteFideId "13300580"]
[BlackFideId "4611390"]
[WhiteElo "2706"]
[BlackElo "2524"]
[Result "1-0"]
[Round "4"]
[TimeControl "180+1"]
[Date "2023.08.08"]
[WhiteClock "0:01:07"]
[BlackClock "0:00:00"]
[Board "85"]

1. d4 Nf6 2. c4 e6 3. Nf3 Bb4+ 4. Bd2 Ke7 5. Nc3 Re8 6. e3 Kf8 7. Bd3 d5 8. O-O Kg8 9. a3 Bxc3 10. Bxc3 b6 11. b4 dxc4 12. Bxc4 Bb7 13. Bb2 Nbd7 14. Rc1 c6 15. Qe2 a5 16. b5 c5 17. Rfd1 Qe7 18. a4 cxd4 19. Nxd4 Rac8 20. h3 Qb4 21. Nc6 Bxc6 22. bxc6 Rxc6 23. Bb5 Rxc1 24. Rxc1 Rd8 25. Rd1 Qe7 26. Qd3 e5 27. Qd6 Qxd6 28. Rxd6 Rc8 29. Bxd7 Rd8 30. Bxe5 Rxd7 31. Rxb6 h5 32. Bxf6 gxf6 33. Rxf6 Rd1+ 34. Kh2 Ra1 35. Rf5 Rxa4 36. Rxh5 Ra2 37. Kg3 a4 38. Ra5 a3 39. h4 Kg7 40. Ra6 Ra1 41. e4 f6 42. Kg4 Ra2 43. Kg3 Ra1 44. f4 Kf7 45. Kg4 Ra2 46. Kf5 1-0


[Site "https://www.chess.com"]

[Event "Titled Tuesday Blitz August 08 Early 2023"]
[White "Burmakin, Vladimir"]
[Black "KarolKacprzak"]
[WhiteFideId "4105109"]
[WhiteElo "2523"]
[BlackElo "2706"]
[Result "1-0"]
[Round "4"]
[TimeControl "180+1"]
[Date "2023.08.08"]
[WhiteClock "0:00:23"]
[BlackClock "0:00:17"]
[Board "86"]

1. c4 c5 2. g3 g6 3. Bg2 Bg7 4. Nc3 Nc6 5. h4 d6 6. h5 Bf5 7. d3 e5 8. Nd5 gxh5 9. Rxh5 Bg6 10. Rh1 Nge7 11. Bg5 Qa5+ 12. Bd2 Qd8 13. Nxe7 Qxe7 14. Nf3 Nd4 15. Nxd4 exd4 16. Qb3 O-O-O 17. Bf3 Kb8 18. O-O-O h5 19. Rh2 Rh7 20. Bg5 f6 21. Bf4 f5 22. Kc2 Bf6 23. Rdh1 Rdh8 24. a4 Qc7 25. a5 Be8 26. a6 Bc6 27. Rxh5 Rxh5 28. Rxh5 Bxf3 29. Rxh8+ Bxh8 30. exf3 Be5 31. Bxe5 dxe5 32. Qxb7+ Qxb7 33. axb7 Kxb7 34. g4 Kc7 35. gxf5 Kd7 36. Kb3 Ke7 37. Ka4 Kf6 38. Kb5 Kxf5 39. Kxc5 Kf4 40. Kd5 Kxf3 41. Kxe5 Ke2 42. Kxd4 1-0


[Site "https://www.chess.com"]

[Event "Titled Tuesday Blitz August 08 Early 2023"]
[White "Sidletskyi, Ivan"]
[Black "Morefield, Jason"]
[WhiteFideId "14156024"]
[BlackFideId "30920825"]
[WhiteElo "2522"]
[BlackElo "2701"]
[Result "0-1"]
[Round "4"]
[TimeControl "180+1"]
[Date "2023.08.08"]
[WhiteClock "0:00:13"]
[BlackClock "0:00:17"]
[Board "87"]

1. e4 c5 2. Nf3 d6 3. d4 cxd4 4. Nxd4 Nf6 5. Nc3 Nc6 6. g3 g6 7. Nxc6 bxc6 8. Bg2 Qc7 9. b3 Bg7 10. Bb2 Ba6 11. Qd2 h5 12. O-O-O Rb8 13. f4 c5 14. Kb1 O-O 15. h3 c4 16. g4 cxb3 17. cxb3 Rfc8 18. gxh5 Nxh5 19. Nd5 Qd8 20. Bf3 e6 21. Nb4 Bb7 22. Rhg1 Bxb2 23. Kxb2 Qf6+ 24. e5 Qxf4 25. Qxf4 Nxf4 26. Bxb7 Rxb7 27. Nc2 dxe5 28. h4 Rbc7 29. Ne3 Rc3 30. Nc4 R3xc4 31. bxc4 Rxc4 32. Rd8+ Kg7 33. Rd7 a5 34. Rgd1 Nd5 35. Ra7 a4 36. Rf1 Nf4 37. Rd1 Nd5 38. Rf1 Rf4 39. Rxf4 exf4 40. Rxa4 f3 41. Rd4 Ne3 42. Rd2 f2 43. Rxf2 Nd1+ 44. Kb3 Nxf2 45. a4 Ne4 46. Kc4 f5 47. a5 f4 48. a6 f3 49. a7 f2 50. a8=Q f1=Q+ 51. Kd4 Qf2+ 52. Ke5 Qf5+ 53. Kd4 Qd5+ 54. Qxd5 exd5 55. Kxd5 Nf6+ 56. Ke5 Nh5 57. Ke4 Kf6 58. Kf3 Kf5 59. Kg2 Kg4 60. Kh2 Kxh4 61. Kg2 g5 62. Kh2 g4 63. Kg2 g3 64. Kg1 Kh3 65. Kh1 Nf4 66. Kg1 Ne2+ 67. Kh1 g2# 0-1


[Site "https://www.chess.com"]

[Event "Titled Tuesday Blitz August 08 Early 2023"]
[White "Korchmar, Vasiliy"]
[Black "Domingo Nunez, Alejandro"]
[WhiteFideId "24131750"]
[BlackFideId "22245561"]
[WhiteElo "2701"]
[BlackElo "2522"]
[Result "1-0"]
[Round "4"]
[TimeControl "180+1"]
[Date "2023.08.08"]
[WhiteClock "0:01:56"]
[BlackClock "0:01:06"]
[Board "88"]

1. e4 g6 2. d4 Bg7 3. c3 c6 4. Bd3 d5 5. e5 f6 6. Nf3 Bg4 7. h3 Bxf3 8. Qxf3 fxe5 9. dxe5 Nd7 10. e6 Ne5 11. Qg3 Nxd3+ 12. Qxd3 Qd6 13. Qe2 Nf6 14. O-O O-O 15. Nd2 Nh5 16. Nf3 Nf4 17. Bxf4 Qxf4 18. Rad1 Rf5 19. Rd3 Raf8 20. b3 Bh6 21. Nd4 Re5 22. Qd1 Re4 23. Rf3 Qe5 24. Rxf8+ Bxf8 25. Qf3 c5 26. Qf7+ 1-0


[Site "https://www.chess.com"]

[Event "Titled Tuesday Blitz August 08 Early 2023"]
[White "Kanyamarala, Tarun"]
[Black "Gubajdullin, Alexei"]
[WhiteFideId "45004714"]
[BlackFideId "4141202"]
[WhiteElo "2521"]
[BlackElo "2692"]
[Result "1-0"]
[Round "4"]
[TimeControl "180+1"]
[Date "2023.08.08"]
[WhiteClock "0:01:20"]
[BlackClock "0:00:00"]
[Board "89"]

1. d4 Nf6 2. Nf3 g6 3. Bf4 Bg7 4. Nc3 O-O 5. e4 d6 6. Qd2 Bg4 7. Bh6 Bxf3 8. gxf3 Nc6 9. Bxg7 Kxg7 10. O-O-O h5 11. Rg1 e5 12. Ne2 Qe7 13. d5 Nd8 14. Ng3 Kh7 15. Bh3 Ng8 16. Nf5 Qf6 17. Rg5 Re8 18. Rdg1 c6 19. dxc6 Nxc6 20. Qxd6 Qxd6 21. Nxd6 Re7 22. Bf5 Nd4 23. Nxf7 Nxf5 24. exf5 1-0


[Site "https://www.chess.com"]

[Event "Titled Tuesday Blitz August 08 Early 2023"]
[White "Agibileg, Uurtsaikh"]
[Black "Droin, Augustin"]
[WhiteFideId "4901606"]
[BlackFideId "45105987"]
[WhiteElo "2691"]
[BlackElo "2518"]
[Result "0-1"]
[Round "4"]
[TimeControl "180+1"]
[Date "2023.08.08"]
[WhiteClock "0:00:00"]
[BlackClock "0:00:08"]
[Board "90"]

1. d4 Nf6 2. c4 e6 3. Nc3 Bb4 4. a3 Bxc3+ 5. bxc3 c5 6. f3 Nc6 7. e4 d6 8. Ne2 e5 9. Bg5 h6 10. Bh4 O-O 11. d5 Na5 12. Nc1 b6 13. Bd3 Ba6 14. Qe2 g5 15. Bf2 Nh5 16. g3 Ng7 17. h4 f5 18. exf5 Nxf5 19. hxg5 hxg5 20. Qe4 Qf6 21. Be3 Rf7 22. Bf2 Raf8 23. Ne2 Ne7 24. Qg4 Qxf3 25. Qxg5+ Rg7 26. Bh7+ Kh8 27. Qh6 Qxf2+ 28. Kd1 Qf1+ 29. Rxf1 Rxf1+ 30. Kc2 Rxh7 31. Qxd6 Rxa1 32. Qxe5+ Rg7 33. d6 Nxc4 34. Qh5+ Rh7 35. Qe8+ Ng8 36. d7 Ra2+ 37. Kb3 Rd2 38. d8=Q Rxd8 39. Qxd8 Na5+ 40. Kc2 Bxe2 41. Qe8 Bg4 42. Qe5+ Rg7 43. Qf4 Nc6 44. Qd6 Nce7 45. Qe5 Nf5 46. Qf4 Nfh6 47. Qe3 Kh7 0-1


[Site "https://www.chess.com"]

[Event "Titled Tuesday Blitz August 08 Early 2023"]
[White "Koshulyan, Egor A."]
[Black "Tikhonov, Viacheslav"]
[WhiteFideId "24237000"]
[BlackFideId "44196407"]
[WhiteElo "2690"]
[BlackElo "2516"]
[Result "0-1"]
[Round "4"]
[TimeControl "180+1"]
[Date "2023.08.08"]
[WhiteClock "0:00:00"]
[BlackClock "0:00:06"]
[Board "91"]

1. e4 c5 2. Nf3 Nc6 3. d4 cxd4 4. Nxd4 Nf6 5. Nc3 e5 6. Ndb5 d6 7. Bg5 a6 8. Na3 b5 9. Nd5 Be7 10. Bxf6 Bxf6 11. c3 Bg5 12. Nc2 Rb8 13. a4 bxa4 14. Ncb4 Nxb4 15. cxb4 O-O 16. Rxa4 a5 17. b5 Bd7 18. Nc3 d5 19. exd5 e4 20. Rxe4 f5 21. Ra4 Re8+ 22. Be2 Rxb5 23. O-O Rxb2 24. Rc4 Rd2 25. Qe1 Qb6 26. Kh1 Qb2 27. Qa1 Rdxe2 28. Nxe2 Qxe2 29. Rc7 Bf6 30. Qb1 Bb5 31. Rg1 Bd3 32. Qb3 a4 33. Qxa4 Bb5 34. Qb3 Kh8 35. d6 h6 36. d7 Rd8 37. Qd5 Qd3 38. Qb7 Rxd7 39. Qb8+ Kh7 40. Rc8 Qe2 41. Rh8+ Kg6 42. Qg3+ Qg4 43. Qb3 Be2 44. Qb8 Rd1 45. Qe8+ Kg5 46. f4+ Qxf4 47. Qxe2 Rxg1+ 48. Kxg1 Bd4+ 49. Kh1 Qc1+ 0-1


[Site "https://www.chess.com"]